 Dungeon Crawl Stone Soup version 0.26-a0-682-g294304f6e8 (webtiles) character file.

Game seed: 6616157112891000767

65 grandjackal the Slasher (level 3, -2/28 HPs)
             Began as a Demonspawn Gladiator on Oct 22, 2020.
             Slain by a worm (6 damage)
             ... on level 2 of the Dungeon.
             The game lasted 00:01:55 (1666 turns).

grandjackal the Slasher (Demonspawn Gladiator)      Turns: 1666, Time: 00:01:55

Health: -2/28      AC:  4    Str: 15    XL:     3   Next: 92%
Magic:  3/3        EV: 13    Int:  9    God:
Gold:   51         SH:  0    Dex: 14    Spells: 2/2 levels left

rFire    . . .     SeeInvis .   a - +0 long sword
rCold    . . .     Faith    .   (no shield)
rNeg     . . .     Spirit   .   b - +0 leather armour
rPois    .         Reflect  .   c - +0 helmet
rElec    .         Harm     .   (no cloak)
rCorr    .         Rampage  .   (no gloves)
MR       .....                  (no boots)
Stlth    +.........             (no amulet)
HPRegen  0.09/turn              (no ring)
MPRegen  0.08/turn              (no ring)

@: no status effects
A: rot immunity, sturdy frame 1
a: no special abilities


You were on level 2 of the Dungeon.
You visited 1 branch of the dungeon, and saw 2 of its levels.

You collected 51 gold pieces.

Inventory:

Hand Weapons
 a - a +0 long sword (weapon)
Missiles
 d - 3 throwing nets (quivered)
Armour
 b - a +0 leather armour (worn)
 c - a +0 helmet (worn)
Jewellery
 m - an uncursed ring of see invisible {unknown}
Scrolls
 f - 2 scrolls of teleportation {unknown}
 g - 2 scrolls of remove curse {unknown}
 j - a scroll of fear {unknown}
 k - a scroll of blinking {unknown}
Potions
 e - a potion of degeneration {unknown}
 h - 2 potions of stabbing {unknown}
 i - 3 potions of curing {unknown}
 l - a potion of flight {unknown}


   Skills:
 + Level 2.9 Fighting
 + Level 3.3 Long Blades
 - Level 1.7 Throwing
 + Level 3.3 Dodging


You had 2 spell levels left.
You didn't know any spells.
Your spell library was empty.

Dungeon Overview and Level Annotations

Branches:
Dungeon (2/15)

Altars:
Fedhas
Kikubaaqudgha
Ru


Innate Abilities, Weirdness & Mutations

You are immune to rotting.
Your movements are slightly less encumbered by armour. (ER -2)


Message History

You are too injured to fight recklessly!
You are too injured to fight recklessly!
You are too injured to fight recklessly!
You are too injured to fight recklessly!
You are too injured to fight recklessly!
You are too injured to fight recklessly!
You hit the worm.
The worm is severely wounded.
You hit the worm.
The worm is almost dead.
The worm bites you.
* * * LOW HITPOINT WARNING * * *
You barely miss the worm.
The worm is severely wounded.
The worm misses you.
You riposte.
You hit the worm.
The worm is almost dead.
You barely miss the worm.
The worm is almost dead.
The worm bites you.
You die...

##### ###...# ......############
###..............# #
##.###########.# ####.# #.#
...(.# #@# ..##.# #..?w# ##
...#.# #.....= ..# ...#.#
#....#.# #.# ...#.### ##.###.#
#.# #......########.# # #.#
.......†........# .# #.#
...#.#.#######..###.####.#######
...#.......# #..#...#..........#


You could see a worm.

Vanquished Creatures
  2 adders (D:2)
  An ooze (D:1)
  2 worms (D:2)
  A leopard gecko (D:1)
  5 goblins
  4 hobgoblins
  4 jackals (D:1)
  3 kobolds
  A quokka (D:2)
  4 bats
  8 rats
35 creatures vanquished.

Vanquished Creatures (others)
  3 plants (D:2)
  5 withered plants (D:2)
8 creatures vanquished.

Grand Total: 43 creatures vanquished

Notes
Turn   | Place    | Note
-------+----------+-------------------------------------------
     0 | D:1      | grandjackal the Demonspawn Gladiator began the quest for
                  | the Orb.
     0 | D:1      | Reached XP level 1. HP: 16/16 MP: 1/1
   243 | D:1      | Gained mutation: You are immune to rotting. [demonic
                  | ancestry]
   243 | D:1      | Reached XP level 2. HP: 22/22 MP: 2/2
  1126 | D:2      | Gained mutation: Your movements are slightly less
                  | encumbered by armour. (ER -2) [demonic ancestry]
  1126 | D:2      | Reached XP level 3. HP: 21/28 MP: 3/3
  1408 | D:2      | Found a sacrificial altar of Ru.
  1603 | D:2      | Found a blossoming altar of Fedhas.
  1603 | D:2      | Found an ancient bone altar of Kikubaaqudgha.
  1666 | D:2      | Slain by a worm

Illustrated notes

Levels and vault maps discovered:
D:1:      dpeg_arrival_boxes_within_box, layout_loops_ring
D:2:      layout_loops_ring, grunt_temple_overflow_growth_and_decay,
          nicolae_overflow_hidden_temple, serial_bayou_pond_b,
          nicolae_ru_great_annihilating_truth

Skill      XL: |  1  2 |
---------------+-------+-----
Long Blades    | 3 |  3.3
Dodging        | 3 |  3.3
Fighting       | |  2.9
Throwing       | |  1.7

Action                   || total
-------------------------++-------
Melee: Long sword        ||   106
 Stab: Sleeping          ||     3
       Paralysed         ||     1
Armor: Leather armour    ||    29
Dodge: Dodged            ||    61
       Rpst.: Long sword ||    16

Table legend: (Time is in decaauts)
 A = Elapsed time spent in this place.
 B = Non-inter-level travel time spent in this place.
 C = Inter-level travel time spent in this place.
 D = Time resting spent in this place.
 E = Time spent auto-exploring this place.
 F = Levels seen in this place.
 G = Mean time per level.
                   A        B        C        D        E       F      G
               +--------+--------+--------+--------+--------+-----+--------+
         Total |   1694 |   1663 |     31 |      0 |   1416 |   2 |  847.0 |
       Dungeon |   1694 |   1663 |     31 |      0 |   1416 |   2 |  847.0 |
               +--------+--------+--------+--------+--------+-----+--------+

Top non-repeatable levels by time:
     D:1: 973 daAuts
     D:2: 721 daAuts
